 Dungeon Crawl Stone Soup version 0.23-a0-655-g3751e1c (webtiles) character file.

592836 gruber the Fetichist (level 27, -9/173 HPs)
             Began as a Gnoll Skald on Jan 7, 2019.
             Was the Champion of Okawaru.
             Mangled by a shadow dragon (18 damage)
             ... on level 1 of the Realm of Zot on Jan 9, 2019.
             The game lasted 03:50:18 (62468 turns).

gruber the Fetichist (Gnoll Skald)                 Turns: 62468, Time: 03:50:20

Health: -9/173     AC: 22    Str: 17    XL:     27
Magic:  0/49       EV: 25    Int: 22    God:    Okawaru [******]
Gold:   3631       SH: 16    Dex: 17    Spells: 15/61 levels left

rFire    + + .     SeeInvis .   Y - +4 demon trident (vamp)
rCold    + . .     Gourm    .   a - +0 shield {reflect}
rNeg     . . .     Faith    .   X - +4 moon troll leather armour {Spirit, Regen++ MP+5}
rPois    .         Spirit   +   m - +0 hat
rElec    +         Reflect  +   g - +1 cloak {MR+}
rCorr    .         Harm     .   F - +3 pair of gauntlets of War {Slay+5}
MR       ++++.                  u - +1 pair of boots {run}
Stlth    ++++++++..             x - amulet of regeneration
HPRegen  1.58/turn              o - ring "Wyegg" {rElec rF+ Str+2}
MPRegen  0.31/turn              D - ring of Tetrotao {rF+ rC+ MR+ Int-3}

@: heroism, constricted, studying 3 skills, drained, deflect missiles, quick
A: distributed training, antennae 1, fangs 1, blurry vision 1, frail 2, strong
nose
}: 3/15 runes: decaying, abyssal, gossamer
a: Heroism, Finesse, Renounce Religion


You were on level 1 of the Realm of Zot.
You worshipped Okawaru.
Okawaru was exalted by your worship.
You were not hungry.

You visited 12 branches of the dungeon, and saw 49 of its levels.
You visited the Abyss 2 times.
You visited 1 bazaar.
You also visited: Bailey.

You collected 6979 gold pieces.
You spent 3348 gold pieces at shops.

Inventory:

Hand Weapons
 Y - a +4 vampiric demon trident (weapon)
Missiles
 N - 2 throwing nets (quivered)
Armour
 a - a +0 shield of reflection (worn)
 g - a +1 cloak of magic resistance (worn)
 m - a +0 hat (worn)
 u - a +1 pair of boots of running (worn)
 F - the +3 pair of gauntlets of War (worn) {Slay+5}
   (You bought it in a shop on level 8 of the Dungeon)

   It affects your accuracy and damage with ranged weapons and melee attacks
   (+5).
 X - the +4 moon troll leather armour (worn) {Spirit, Regen++ MP+5}
   (You took it off a guardian mummy on level 3 of the Crypt)

   It affects your magic capacity (+5).
   It increases your rate of regeneration.
Jewellery
 o - the ring "Wyegg" (left hand) {rElec rF+ Str+2}
   (You found it on level 3 of the Vaults)

   [ring of protection from fire]

   It affects your strength (+2).
   It protects you from fire.
   It insulates you from electricity.
 x - an amulet of regeneration (around neck)
 D - the ring of Tetrotao (right hand) {rF+ rC+ MR+ Int-3}
   (You bought it in a shop on level 1 of the Elven Halls)

   [ring of protection from fire]

   It affects your intelligence (-3).
   It protects you from fire.
   It protects you from cold.
   It affects your resistance to hostile enchantments.
Wands
 b - a wand of digging (28)
 p - a wand of paralysis (42)
 G - a wand of scattershot (10)
 K - a wand of acid (40)
 L - a wand of flame (32)
 O - a wand of iceblast (39)
 P - a wand of clouds (5)
 Q - a wand of enslavement (16)
 R - a wand of random effects (28)
 S - a wand of disintegration (46)
Scrolls
 e - 4 scrolls of fog
 h - 8 scrolls of blinking
 i - 10 scrolls of teleportation
 q - 16 scrolls of remove curse
 w - 20 scrolls of identify
 y - 14 scrolls of magic mapping
 B - 12 scrolls of enchant armour {unknown}
 C - 9 scrolls of fear {unknown}
Potions
 c - 3 potions of magic
 j - 9 potions of heal wounds
 k - 5 potions of ambrosia
 l - 4 potions of might
 r - 2 potions of agility
 s - 3 potions of berserk rage
 z - 8 potions of flight
 A - 5 potions of invisibility
 E - 2 potions of haste
 I - 3 potions of cancellation
 J - 3 potions of resistance
 M - 13 potions of curing
 V - 5 potions of brilliance
Books
 H - a manual of Evocations
 T - a manual of Air Magic
 W - a manual of Necromancy
Miscellaneous
 Z - a fan of gales
Comestibles
 d - 59 rations


   Skills:
 + Level 17.8(21.3) Fighting
 + Level 17.3(20.9) Short Blades
 + Level 17.3(20.9) Long Blades
 + Level 17.3(20.9) Axes
 + Level 17.3(20.9) Maces & Flails
 + Level 17.8(21.3) Polearms
 + Level 17.3(20.9) Staves
 + Level 17.3(20.9) Slings
 + Level 17.3(20.9) Bows
 + Level 17.3(20.9) Crossbows
 + Level 17.3(20.9) Throwing
 + Level 17.5(21.0) Armour
 + Level 17.8(21.3) Dodging
 + Level 17.3(20.9) Stealth
 + Level 17.3(20.9) Shields
 + Level 17.3(20.9) Unarmed Combat
 + Level 17.8(16.5) Spellcasting
 + Level 14.9(13.7) Conjurations
 + Level 14.9(13.7) Hexes
 + Level 15.7(14.4) Charms
 + Level 14.9(13.7) Summonings
 + Level 16.6(15.3) Necromancy
 + Level 14.9(13.7) Translocations
 + Level 14.9(13.7) Transmutations
 + Level 14.9(13.7) Fire Magic
 + Level 14.9(13.7) Ice Magic
 + Level 19.2(17.8) Air Magic
 + Level 14.9(13.7) Earth Magic
 + Level 14.9(13.7) Poison Magic
 + Level 18.6(17.3) Invocations
 + Level 20.4(18.9) Evocations


You had 15 spell levels left.
You knew the following spells:

 Your Spells              Type           Power        Failure   Level  Hunger
a - Infusion              Chrm           ####         0%          1    None
b - Dispel Undead         Necr           ######..     1%          5    ##.....
c - Regeneration          Chrm/Necr      ######....   1%          3    None
d - Spectral Weapon       Hex/Chrm       ######..     1%          3    None
e - Mephitic Cloud        Conj/Pois/Air  ######..     1%          3    None
f - Freezing Cloud        Conj/Ice/Air   ######....   1%          6    ####...
g - Apportation           Tloc           ######       0%          1    None
h - Blink                 Tloc           N/A          1%          2    None
i - Aura of Abjuration    Summ           ######....   1%          5    ##.....
j - Shadow Creatures      Summ           N/A          1%          6    ####...
k - Deflect Missiles      Chrm/Air       ######....   1%          6    ####...
l - Summon Mana Viper     Hex/Summ       ######..     1%          5    ##.....

Your spell library contained the following spells:

 Spells                   Type           Power        Failure   Level  Hunger
 Animate Skeleton         Necr           N/A          0%          1    None
 Beastly Appendage        Tmut           ######       0%          1    None
 Confusing Touch          Hex            ######       0%          1    None
 Corona                   Hex            ######.      0%          1    None
 Flame Tongue             Conj/Fire      #####        0%          1    None
 Freeze                   Ice            ####         0%          1    None
 Magic Dart               Conj           ####         0%          1    None
 Sting                    Conj/Pois      ####         0%          1    None
 Summon Small Mammal      Summ           ####         0%          1    None
 Corpse Rot               Necr           N/A          0%          2    None
 Poisonous Vapours        Pois/Air       ######       0%          2    None
 Shroud of Golubria       Chrm/Tloc      ######....   0%          2    None
 Song of Slaying          Chrm           ######..     0%          2    None
 Sublimation of Blood     Necr           ######....   0%          2    None
 Swiftness                Chrm/Air       ######..     0%          2    None
 Call Imp                 Summ           ######..     1%          2    None
 Ensorcelled Hibernation  Hex/Ice        ######       1%          2    None
 Searing Ray              Conj           ######       1%          2    None
 Slow                     Hex            ######..     1%          2    None
 Sticks to Snakes         Tmut           ######..     1%          2    None
 Throw Flame              Conj/Fire      ######       1%          2    None
 Throw Frost              Conj/Ice       ######       1%          2    None
 Confuse                  Hex            ######..     1%          3    None
 Conjure Flame            Conj/Fire      ######..     1%          3    None
 Dazzling Spray           Conj/Hex       ######       1%          3    None
 Gell's Gravitas          Tloc           ######....   1%          3    None
 Ignite Poison            Fire/Tmut/Pois ######..     1%          3    None
 Inner Flame              Hex/Fire       ######..     1%          3    None
 Lesser Beckoning         Tloc           ######....   1%          3    None
 Ozocubu's Armour         Chrm/Ice       ######..     1%          3    None
 Portal Projectile        Hex/Tloc       ######       1%          3    None
 Recall                   Summ/Tloc      N/A          1%          3    None
 Stone Arrow              Conj/Erth      ######       1%          3    None
 Teleport Other           Tloc           ######..     1%          3    None
 Tukima's Dance           Hex            ######..     1%          3    None
 Animate Dead             Necr           N/A          1%          4    None
 Force Lance              Conj/Tloc      ######..     1%          4    None
 Fulminant Prism          Conj/Hex       ######....   1%          4    None
 Iskenderun's Mystic Bla  Conj           ######..     1%          4    None
 Leda's Liquefaction      Hex/Erth       ######....   1%          4    None
 Olgreb's Toxic Radiance  Pois           ######..     1%          4    None
 Passage of Golubria      Tloc           N/A          1%          4    None
 Petrify                  Tmut/Erth      ######..     1%          4    None
 Sticky Flame             Conj/Fire      ######..     1%          4    None
 Summon Ice Beast         Ice/Summ       ######..     1%          4    None
 Throw Icicle             Conj/Ice       ######..     1%          4    None
 Agony                    Necr           ######..     1%          5    ##.....
 Bolt of Draining         Conj/Necr      ######....   1%          5    ##.....
 Bolt of Magma            Conj/Fire/Erth ######....   1%          5    ##.....
 Borgnjor's Vile Clutch   Necr/Erth      ######....   1%          5    ##.....
 Excruciating Wounds      Chrm/Necr      ######....   1%          5    ##.....
 Fireball                 Conj/Fire      ######....   1%          5    ##.....
 Irradiate                Conj/Tmut      ######....   1%          5    ##.....
 Metabolic Englaciation   Hex/Ice        ######....   1%          5    ##.....
 Summon Demon             Summ           ######....   1%          5    ##.....
 Summon Forest            Summ/Tloc      ######....   1%          5    ##.....
 Venom Bolt               Conj/Pois      ######....   1%          5    ##.....
 Yara's Violent Unravell  Hex/Tmut       ######....   1%          5    ##.....
 Hydra Form               Tmut           ######....   1%          6    ####...
 Statue Form              Tmut/Erth      ######...    1%          6    ####...
 Ring of Flames           Chrm/Fire      ######....   9%          7    ######.
 Malign Gateway           Summ/Tloc      ######....   11%         7    ######.
 Summon Hydra             Summ           ######....   11%         7    ######.
 Infestation              Necr           ######....   38%         8    #######
 Disjunction              Tloc           ######....   63%         8    #######


Dungeon Overview and Level Annotations

Branches:
Dungeon (15/15)            Temple (1/1) D:6            Lair (6/6) D:8
  Swamp (4/4) Lair:4       Spider (4/4) Lair:3        Slime (1/5) Lair:6
    Orc (2/2) D:9             Elf (3/3) Orc:2        Vaults (4/5) D:14
  Crypt (3/3) Vaults:3       Tomb (0/3) Crypt:3      Depths (5/5) D:15
    Zot (1/5) Depths:5

Altars:
Ashenzari
Cheibriados
Dithmenos
Elyvilon
Fedhas
Gozag
Hepliaklqana
Kikubaaqudgha
Makhleb
Nemelex Xobeh
Okawaru
Qazlal
Ru
Sif Muna
Trog
Uskayaw
Vehumet
Wu Jian
Xom
Yredelemnul
Zin
The Shining One
Beogh

Shops:
D:6 (   D:8 [   D:9 =   Orc:2 (!(?=   Elf:1 }=}=   Elf:2 (   Crypt:2 *
Depths:1 *   Depths:2 *   Depths:4 *

Portals:
Hell: Depths:1 Depths:2 Depths:3 Depths:4 Depths:5
Abyss: Depths:4
Pandemonium: Depths:1 Depths:3 Depths:5
Ziggurat: Depths:2
Trove: Elf:1 (give 14 potions of heal wounds)

Annotations:
D:14 exclusion: Roxanne, Roxanne
Crypt:2 3 runed doors, exclusion: obsidian statue, TheNamelessOne's ghost, veteran OpEE
Depths:3 2 transporters, Shiggs's ghost, veteran DgGl


Innate Abilities, Weirdness & Mutations

Your experience applies equally to all skills.
You have very sharp teeth.
Your uncanny sense of smell can sniff out nearby items.
You have a pair of small antennae on your head.
Scrolls take you a little longer to read.
You are very frail. (-20% HP)


Message History

The shadow dragon bites you!
* * * LOW HITPOINT WARNING * * *
The shadow dragon claws you!
* * * LOW HITPOINT WARNING * * *
You block the shadow dragon's attack.
Unknown command.
Unknown command.
The tentacled monstrosity's grasp on you weakens, but your attempt to escape You block the shadow dragon's attack.
The shadow dragon barely misses you. The shadow dragon claws you!
* * * LOW HITPOINT WARNING * * *
Your moth of wrath bites the tentacled monstrosity!
The tentacled monstrosity tentacle-slaps you but does no damage. x2
You block the tentacled monstrosity's attack.
The tentacled monstrosity constricts you.
The shadow dragon is engulfed in freezing vapours.
The shadow dragon bites you.
* * * LOW HITPOINT WARNING * * *
You feel drained. The shadow dragon claws you!!
You die...

#.D###D#+# #..#.#[...#⌠
#........# #.......)##.
##.$.....# ###....#.#.... #
...%..!#.#.#.(....#.#####
#........§°#.###..[........
##.#######.#.......##.#####
......(.y.§☼.......∩#.#####
.........XD○...............
........##@#######.#......#
........##(#######.........
........##............###..
........#..........##.#####
........#..................
'########..........##..####
#..........###.##
#..........# #..#
............# ##.##


You could see a shadow dragon (berserk), a tentacled monstrosity, a friendly
moth of wrath and a friendly spectral +4 vampiric demon trident.

Vanquished Creatures
  Khufu (Crypt:2)
  2 ancient liches
  A juggernaut (Depths:5)
  A greater mummy (Crypt:2)
  Boris (twice) (Vaults:4 Crypt:3)
  Margery (Depths:2)
  A curse toe (Crypt:3)
  2 caustic shrikes (Depths:4)
  Nikola (Swamp:1)
  8 golden dragons
  Arachne (Spider:4)
  5 bone dragons
  An electric golem (Zot:1)
  8 liches
  Asterion (Vaults:2)
  4 tentacled monstrosities
  A deep elf blademaster (Elf:3)
  3 titans
  The ghost of Tux the Eclecticist, an adept DEFE of Vehumet (Elf:2)
  16 tentacled starspawn
  2 acid blobs (Lair:6)
  2 quicksilver dragons
  7 sphinxes
  8 ancient champions
  A death cob (Zot:1)
  Kirke (Swamp:1)
  2 shadow dragons
  3 thorn hunters (Swamp:4)
  Donald (Elf:2)
  A shadow dragon (shapeshifter) (Vaults:4)
  5 tengu reavers
  3 revenants
  5 storm dragons
  2 draconian monks
  2 azure jellies (Lair:6)
  10 deep elf sorcerers
  9 vault wardens
  7 frost giants
  3 daevas
  3 fire giants
  An orc warlord (Vaults:1)
  A balrug (Abyss:3)
  7 emperor scorpions (Spider:4)
  A draconian scorcher (Depths:5)
  A cacodemon (Depths:3)
  A draconian shifter (Zot:1)
  2 curse skulls
  4 ghost moths
  2 draconian stormcallers
  11 ghouls
  2 deep elf elementalists (Elf:3)
  12 very ugly things
  2 spriggan defenders
  3 reapers
  12 ironheart preservers
  17 stone giants
  3 green draconians
  5 entropy weavers
  A vampire knight (Depths:5)
  8 spark wasps
  9 deep elf demonologists
  A lorocyproca (Abyss:3)
  2 purple draconians
  4 yellow draconians
  3 red draconians
  33 starcursed masses
  3 deep elf annihilators
  A black draconian (Zot:1)
  Nessos (Orc:2)
  9 ettins
  3 eidola
  6 deep elf death magi
  A merfolk javelineer (Depths:3)
  2 mummy priests (Crypt:3)
  14 fire dragons
  A crystal guardian (Vaults:4)
  Josephine (Lair:6)
  5 deep elf high priests
  A merfolk impaler (Depths:3)
  9 jiangshi
  Fannar (Lair:3)
  12 great orbs of eyes
  9 yaktaur captains
  22 hydras
  A ghost crab (Swamp:2)
  A naga warrior (Abyss:3)
  5 rakshasas
  14 ice dragons
  7 vault guards
  An anaconda (shapeshifter) (Vaults:1)
  A catoblepas (Lair:6)
  8 spriggan air magi
  9 centaur warriors
  11 alligators
  43 two-headed ogres
  7 death knights
  A queen ant (Lair:6)
  3 death yaks (Lair:6)
  28 dancing weapons
  2 shambling mangroves
  6 vampire magi
  8 deep troll shamans
  15 ogre magi
  2 titan zombies
  3 tengu warriors
  5 spriggan berserkers
  6 orc high priests
  16 thrashing horrors
  7 deep troll earth magi
  3 hell hogs (Abyss:3)
  Sonja (Lair:4)
  Nergalle (D:12)
  25 hell knights
  A soul eater (Crypt:3)
  17 deep elf knights
  A sixfirhy (Abyss:2)
  11 wretched stars
  3 sun demons
  20 skeletal warriors
  4 shadow wraiths
  3 iron trolls (Depths:5)
  A golden dragon zombie (Depths:2)
  3 fire crabs (Swamp:4)
  2 unseen horrors (D:12)
  19 deep elf archers
  3 spriggan druids
  4 flayed ghosts
  25 large abominations
  A gelid demonspawn (Depths:3)
  27 deep trolls
  2 torturous demonspawn (Depths:3)
  An unseen horror (shapeshifter) (Vaults:3)
  6 wizards
  4 spatial maelstroms
  11 swamp dragons
  3 harpies (Vaults:3)
  7 glowing orange brains
  3 phantasmal warriors
  8 ironbrand convokers
  A lindwurm (Lair:6)
  A tengu zombie (Depths:3)
  18 orc knights
  A harpy (shapeshifter) (Vaults:1)
  An anaconda skeleton (Abyss:2)
  9 orb spiders
  A mana viper (Abyss:2)
  14 necromancers
  An orb spider (shapeshifter) (Vaults:1)
  A manticore (D:15)
  39 ugly things
  A shining eye (Slime:1)
  3 orc sorcerers
  72 deep elf magi
  2 fire giant zombies
  2 frost giant zombies (Depths:3)
  3 shadow dragon skeletons
  20 wolf spiders
  A manticore (shapeshifter) (Vaults:4)
  A cyclops (shapeshifter) (Depths:2)
  An iron dragon skeleton (Crypt:1)
  3 cyclopes
  A fire giant skeleton (Depths:2)
  2 worldbinders
  2 guardian serpents (shapeshifter)
  An elf zombie (Depths:3)
  3 apocalypse crabs (Abyss:3)
  16 vault sentinels
  11 elephants
  4 moths of wrath (Zot:1)
  A guardian serpent (Abyss:3)
  An eye of devastation (shapeshifter) (Depths:2)
  10 smoke demons
  2 black mambas
  A molten gargoyle (D:13)
  2 orange demons
  A titan simulacrum (Depths:3)
  A rime drake (shapeshifter) (Vaults:2)
  12 spiny frogs
  A shock serpent skeleton (Crypt:3)
  2 efreet
  A yaktaur zombie (Vaults:1)
  42 yaktaurs
  3 rime drakes
  2 tormentors (Abyss:2)
  An anaconda simulacrum (Abyss:3)
  A hellwing (Abyss:3)
  10 komodo dragons
  14 freezing wraiths
  14 demonic crawlers
  3 red devils (Abyss:4)
  A queen bee (shapeshifter) (Vaults:3)
  10 ancient zymes
  11 trolls
  A tengu conjurer (Depths:3)
  4 guardian mummies (Crypt:3)
  3 meliai (Spider:3)
  24 jumping spiders
  A jumping spider (shapeshifter) (Vaults:1)
  A polar bear (Lair:6)
  11 tyrant leeches
  30 hornets
  14 blink frogs
  31 slime creatures
  11 bog bodies
  21 raiju
  4 dream sheep (Lair:6)
  A harpy skeleton (Crypt:3)
  7 hippogriffs
  A hippogriff (shapeshifter) (D:13)
  35 small abominations
  10 flying skulls
  A shock serpent simulacrum (Crypt:3)
  44 redbacks
  2 tarantellas (shapeshifter)
  2 redbacks (shapeshifter)
  6 shadows
  2 vampires
  14 spriggans
  A satyr skeleton (Crypt:2)
  5 ynoxinuls
  3 water elementals (Depths:3)
  15 wraiths
  2 ushabtiu (Crypt:3)
  40 yaks
  3 fire bats (Swamp:4)
  18 tarantellas
  A tyrant leech zombie (Crypt:3)
  6 hogs (Swamp:1)
  6 wyverns
  5 golden eyes
  5 basilisks
  3 fire elementals
  3 hungry ghosts
  A basilisk (shapeshifter) (Vaults:4)
  A wind drake skeleton (Crypt:2)
  3 neqoxecs
  4 chaos spawn
  17 insubstantial wisps
  3 steam dragons
  14 vampire mosquitoes
  6 spatial vortices
  2 acid dragons
  6 wargs
  A naga (Abyss:3)
  A naga (shapeshifter) (Abyss:3)
  22 soldier ants
  14 swamp worms
  4 water moccasins
  2 floating eyes
  A water moccasin (shapeshifter) (Vaults:4)
  A merfolk skeleton (Crypt:1)
  41 orc warriors
  3 porcupines
  A two-headed ogre skeleton (Crypt:1)
  5 ice beasts
  2 sky beasts
  18 swamp drakes
  An eye of draining (shapeshifter) (Depths:1)
  5 eyes of draining
  5 necrophages
  A human zombie (Vaults:1)
  4 black bears
  5 wolves (Lair:6)
  3 phantoms
  3 boggarts (Depths:4)
  42 ogres
  A blink frog zombie (Crypt:3)
  A centaur (shapeshifter) (Vaults:4)
  19 centaurs
  14 crocodiles
  A big kobold (D:12)
  A gnoll sergeant (D:7)
  13 bullfrogs
  An ogre simulacrum (Vaults:1)
  An earth elemental (Elf:3)
  A water moccasin zombie (D:7)
  4 scorpions
  A hornet simulacrum (Vaults:1)
  An orc simulacrum (Vaults:1)
  24 killer bees
  9 wights
  A howler monkey (D:3)
  2 lava snakes
  10 crimson imps
  3 centaur zombies
  3 quasits
  A wolf skeleton (Crypt:1)
  4 bullfrog zombies
  2 jellies
  A hound (D:14)
  27 orc wizards
  7 centaur skeletons
  3 human simulacra
  34 orc priests
  2 bullfrog skeletons
  7 iguanas
  7 iron imps
  Jessica (D:3)
  Ijyb (D:3)
  30 worker ants
  A porcupine skeleton (Crypt:2)
  A killer bee zombie (D:5)
  A tengu skeleton (Crypt:3)
  2 hound skeletons
  A hound zombie (D:10)
  14 mummies
  8 gnolls
  9 adders
  4 shadow imps
  2 steam dragon skeletons
  4 white imps
  5 ufetubi
  An ooze (D:3)
  A worm zombie (Crypt:2)
  2 adder skeletons
  2 adder zombies
  A worm (D:5)
  A barachi zombie (Crypt:1)
  2 dart slugs
  5 leopard geckos
  97 orcs
  A ball python (D:2)
  6 giant cockroaches
  4 goblins
  11 hobgoblins
  6 jackals
  4 quokkas
  5 bats
  3 frilled lizards
  A frilled lizard skeleton (Crypt:3)
  10 kobolds
  A leopard gecko skeleton (D:4)
  7 rats
  A briar patch (Swamp:4)
  A lurking horror (Abyss:3)
  7 spectral weapons
  13 starspawn tentacles
2322 creatures vanquished.

Vanquished Creatures (collateral kills)
  2 juggernauts (Depths:4)
  2 caustic shrikes
  The ghost of Roced the Markscentaur, an adept CeHu of Okawaru (Vaults:1)
  2 titans (Depths:4)
  A sphinx (Depths:3)
  2 vault wardens
  A spriggan defender (Depths:4)
  2 ice dragons (Depths:2)
  An ogre mage (Vaults:2)
  4 two-headed ogres
  A vampire mage (Depths:4)
  A spriggan berserker (Depths:3)
  A soul eater (Depths:3)
  A skeletal warrior (Vaults:2)
  An iron troll (Depths:4)
  A glowing orange brain (Depths:3)
  A deep troll (Vaults:1)
  A deep elf archer (Vaults:3)
  2 ironbrand convokers
  A necromancer (Depths:2)
  2 orc knights (Vaults:1)
  2 ugly things (Vaults:3)
  An apocalypse crab (Abyss:3)
  An ettin zombie (Depths:2)
  A wyvern (shapeshifter) (Depths:3)
  A swamp worm (shapeshifter) (Vaults:3)
  2 ogres
  A white imp (Depths:3)
  3 orcs (Vaults:3)
43 creatures vanquished.

Vanquished Creatures (others)
  A deep elf master archer (Elf:3)
  A storm dragon (Zot:1)
  A fire giant (Vaults:4)
  A frost giant (Depths:5)
  2 stone giants
  An ice dragon (Depths:3)
  2 yaktaur captains
  An alligator (Swamp:2)
  A vampire mage (Depths:3)
  2 deep elf knights
  A deep elf archer (Vaults:3)
  A wizard (Depths:3)
  4 yaktaurs
  A golden eye (Abyss:3)
  3 steam dragons (Swamp:4)
  A large abomination (Abyss:3)
  A small abomination (Abyss:3)
  3 swamp drakes (Swamp:4)
  An ice beast (D:9)
  2 centaurs
  2 orc wizards
  A worker ant (D:13)
  3 briar patches (Swamp:4)
  A fire vortex (Orc:1)
  5 fungi (Lair:6)
  A lurking horror (Abyss:2)
  2 plants (Lair:6)
  121 spectral weapons
  35 starspawn tentacles
202 creatures vanquished.

Grand Total: 2567 creatures vanquished

Notes
Turn   | Place    | Note
-------+----------+-------------------------------------------
     0 | D:1      | gruber the Gnoll Skald began the quest for the Orb.
     0 | D:1      | Reached XP level 1. HP: 20/20 MP: 6/6
   104 | D:1      | Reached XP level 2. HP: 26/26 MP: 4/7
   743 | D:2      | Reached XP level 3. HP: 31/31 MP: 5/9
   792 | D:2      | Reached skill level 5 in Spellcasting
  1068 | D:2      | Learned a level 2 spell: Shroud of Golubria
  1072 | D:2      | Learned a level 3 spell: Regeneration
  1076 | D:2      | Learned a level 3 spell: Spectral Weapon
  1305 | D:3      | Found a snail-covered altar of Cheibriados.
  1313 | D:3      | Reached skill level 1 in Short Blades
  1313 | D:3      | Reached skill level 1 in Long Blades
  1313 | D:3      | Reached skill level 1 in Axes
  1313 | D:3      | Reached skill level 1 in Maces & Flails
  1313 | D:3      | Reached skill level 1 in Staves
  1313 | D:3      | Reached skill level 1 in Slings
  1313 | D:3      | Reached skill level 1 in Bows
  1313 | D:3      | Reached skill level 1 in Crossbows
  1313 | D:3      | Reached skill level 1 in Throwing
  1313 | D:3      | Reached skill level 1 in Stealth
  1313 | D:3      | Reached skill level 1 in Shields
  1313 | D:3      | Reached skill level 1 in Unarmed Combat
  1313 | D:3      | Reached skill level 1 in Invocations
  1313 | D:3      | Reached skill level 1 in Evocations
  1313 | D:3      | Reached XP level 4. HP: 37/38 MP: 0/11
  1466 | D:3      | Noticed Ijyb
  1491 | D:3      | Killed Ijyb
  1491 | D:3      | Reached skill level 1 in Conjurations
  1491 | D:3      | Reached skill level 1 in Hexes
  1491 | D:3      | Reached skill level 1 in Summonings
  1491 | D:3      | Reached skill level 1 in Necromancy
  1491 | D:3      | Reached skill level 1 in Translocations
  1491 | D:3      | Reached skill level 1 in Transmutations
  1491 | D:3      | Reached skill level 1 in Fire Magic
  1491 | D:3      | Reached skill level 1 in Ice Magic
  1491 | D:3      | Reached skill level 1 in Air Magic
  1491 | D:3      | Reached skill level 1 in Earth Magic
  1491 | D:3      | Reached skill level 1 in Poison Magic
  1505 | D:3      | Reached XP level 5. HP: 13/43 MP: 2/12
  1862 | D:3      | Noticed Jessica
  1867 | D:3      | Killed Jessica
  2003 | D:3      | Reached XP level 6. HP: 34/50 MP: 9/13
  2073 | D:3      | Found a shattered altar of Ashenzari.
  2378 | D:4      | Noticed a sky beast
  2395 | D:4      | Killed a sky beast
  2395 | D:4      | Reached skill level 5 in Fighting
  2395 | D:4      | Reached skill level 5 in Polearms
  2395 | D:4      | Reached skill level 5 in Dodging
  2395 | D:4      | Reached skill level 2 in Evocations
  2653 | D:4      | Found a deep blue altar of Sif Muna.
  2743 | D:4      | Reached XP level 7. HP: 40/56 MP: 9/15
  3235 | D:5      | Entered Level 5 of the Dungeon
  3502 | D:5      | Found a stormy altar of Qazlal.
  3840 | D:5      | Reached XP level 8. HP: 58/63 MP: 8/16
  3953 | D:6      | Found a shimmering altar of Xom.
  4225 | D:6      | Found a staircase to the Ecumenical Temple.
  4266 | Temple   | Entered the Ecumenical Temple
  4513 | D:6      | Found Hotul's Weapon Shoppe.
  4592 | D:6      | Reached skill level 3 in Evocations
  4773 | D:6      | Found a sacrificial altar of Ru.
  5271 | D:7      | Found a hazy altar of Hepliaklqana.
  5273 | D:7      | Found a shimmering altar of Xom.
  5273 | D:7      | Found a radiant altar of Vehumet.
  5275 | D:7      | Found an opulent altar of Gozag.
  5275 | D:7      | Found an iron altar of Okawaru.
  5317 | D:7      | Became a worshipper of Warmaster Okawaru
  5446 | D:7      | Reached XP level 9. HP: 31/69 MP: 11/18
  5616 | D:7      | Reached * piety under Okawaru
  6002 | D:8      | Reached skill level 4 in Evocations
  6075 | D:8      | Found an ancient bone altar of Kikubaaqudgha.
  6140 | D:8      | Found a glowing silver altar of Zin.
  6174 | D:8      | Found a staircase to the Lair.
  6184 | D:8      | Reached skill level 5 in Armour
  6250 | D:8      | Found a hide-covered altar of Uskayaw.
  6306 | D:8      | Reached ** piety under Okawaru
  6448 | D:8      | Reached skill level 5 in Invocations
  6619 | D:8      | Found Nuleih's Antique Armour Boutique.
  6654 | D:8      | Reached XP level 10. HP: 77/77 MP: 17/20
  6843 | D:9      | Noticed a two-headed ogre
  6854 | D:9      | Killed a two-headed ogre
  6854 | D:9      | Reached skill level 5 in Short Blades
  6854 | D:9      | Reached skill level 5 in Long Blades
  6854 | D:9      | Reached skill level 5 in Axes
  6854 | D:9      | Reached skill level 5 in Maces & Flails
  6854 | D:9      | Reached skill level 5 in Staves
  6854 | D:9      | Reached skill level 5 in Slings
  6854 | D:9      | Reached skill level 5 in Bows
  6854 | D:9      | Reached skill level 5 in Crossbows
  6854 | D:9      | Reached skill level 5 in Throwing
  6854 | D:9      | Reached skill level 5 in Stealth
  6854 | D:9      | Reached skill level 5 in Shields
  6854 | D:9      | Reached skill level 5 in Unarmed Combat
  6854 | D:9      | Reached skill level 5 in Evocations
  6872 | D:9      | Found a flagged portal.
  6895 | D:9      | Reached *** piety under Okawaru
  6914 | Bailey   | Entered a bailey
  7010 | Bailey   | Noticed a deep elf mage
  7022 | Bailey   | Killed a deep elf mage
  7048 | Bailey   | Noticed a deep elf mage
  7050 | Bailey   | Noticed a deep elf mage
  7050 | Bailey   | Noticed a deep elf mage
  7050 | Bailey   | Noticed a deep elf mage
  7050 | Bailey   | Noticed a deep elf mage
  7050 | Bailey   | Noticed a deep elf mage
  7067 | Bailey   | Killed a deep elf mage
  7071 | Bailey   | Killed a deep elf mage
  7077 | Bailey   | Killed a deep elf mage
  7085 | Bailey   | Killed a deep elf mage
  7085 | Bailey   | Reached **** piety under Okawaru
  7117 | Bailey   | Killed a deep elf mage
  7117 | Bailey   | Reached XP level 11. HP: 10/84 MP: 4/22
  7152 | Bailey   | Killed a deep elf mage
  7284 | Bailey   | Noticed a deep elf mage
  7284 | Bailey   | Noticed a deep elf mage
  7284 | Bailey   | Noticed a deep elf mage
  7294 | Bailey   | Killed a deep elf mage
  7301 | Bailey   | Killed a deep elf mage
  7301 | Bailey   | Reached skill level 6 in Evocations
  7309 | Bailey   | Killed a deep elf mage
  7309 | Bailey   | Reached skill level 5 in Conjurations
  7309 | Bailey   | Reached skill level 5 in Hexes
  7309 | Bailey   | Reached skill level 5 in Summonings
  7309 | Bailey   | Reached skill level 5 in Necromancy
  7309 | Bailey   | Reached skill level 5 in Translocations
  7309 | Bailey   | Reached skill level 5 in Transmutations
  7309 | Bailey   | Reached skill level 5 in Fire Magic
  7309 | Bailey   | Reached skill level 5 in Ice Magic
  7309 | Bailey   | Reached skill level 5 in Air Magic
  7309 | Bailey   | Reached skill level 5 in Earth Magic
  7309 | Bailey   | Reached skill level 5 in Poison Magic
  7453 | Bailey   | Noticed a deep elf knight
  7470 | Bailey   | Killed a deep elf knight
  7470 | Bailey   | Reached ***** piety under Okawaru
  7523 | D:9      | Noticed a two-headed ogre
  7536 | D:9      | Killed a two-headed ogre
  7611 | D:9      | Found Civox's Jewellery Emporium.
  7708 | D:9      | Found a blossoming altar of Fedhas.
  7739 | D:9      | Found a staircase to the Orcish Mines.
  7900 | D:10     | Entered Level 10 of the Dungeon
  7997 | D:10     | Noticed a two-headed ogre
  8158 | D:10     | Received a gift from Okawaru
  8179 | D:10     | Got a faintly glowing flail {god gift}
  8180 | D:10     | Identified the +7 flail "Paisku" {freeze, Str+2} (Okawaru
                  | gifted it to you on level 10 of the Dungeon)
  8220 | D:10     | Killed a two-headed ogre
  8860 | Lair:1   | Entered Level 1 of the Lair of Beasts
  9001 | Lair:1   | Reached XP level 12. HP: 63/93 MP: 21/24
  9103 | Lair:1   | Received a gift from Okawaru
  9140 | Lair:1   | Found a white marble altar of Elyvilon.
  9238 | Lair:1   | Noticed an eight-headed hydra
  9245 | Lair:1   | Killed an eight-headed hydra
  9550 | Lair:1   | Reached skill level 7 in Evocations
 10312 | Lair:2   | Reached ****** piety under Okawaru
 10456 | Lair:2   | Received a gift from Okawaru
 10459 | Lair:2   | Got a scorched dire flail {god gift}
 10565 | Lair:2   | Identified the +11 dire flail of the Whale {crush, SInv}
                  | (Okawaru gifted it to you on level 2 of the Lair of Beasts)
 10760 | Lair:3   | Found a hole to the Spider Nest.
 10830 | Lair:3   | Noticed a seven-headed hydra
 10986 | Lair:3   | Noticed Fannar
 11215 | Lair:3   | Got a polished great sword
 11348 | Lair:3   | Killed a seven-headed hydra
 11411 | Lair:3   | Killed Fannar
 11411 | Lair:3   | Received a gift from Okawaru
 11415 | Lair:3   | Got an ancient scimitar {god gift}
 11416 | Lair:3   | Identified the +6 scimitar "Uxkit" {slice, +Fly rElec}
                  | (Okawaru gifted it to you on level 3 of the Lair of Beasts)
 11821 | Lair:4   | Noticed Sonja
 11833 | Lair:4   | Killed Sonja
 12025 | Lair:4   | Reached XP level 13. HP: 100/101 MP: 21/26
 12372 | Lair:4   | Received a gift from Okawaru
 12374 | Lair:4   | Reached skill level 8 in Evocations
 12498 | Lair:4   | Found a staircase to the Swamp.
 13108 | Lair:5   | Received a gift from Okawaru
 13313 | Lair:6   | Entered Level 6 of the Lair of Beasts
 13368 | Lair:6   | Received a gift from Okawaru
 13369 | Lair:6   | Found the +12 Vampire's Tooth {vamp}
 13474 | Lair:6   | Noticed Josephine
 13663 | Lair:6   | Reached skill level 10 in Spellcasting
 13775 | Lair:6   | Reached XP level 14. HP: 109/109 MP: 26/28
 13972 | Lair:6   | Killed Josephine
 13978 | Lair:6   | Received a gift from Okawaru
 14076 | Lair:6   | Reached skill level 10 in Fighting
 14076 | Lair:6   | Reached skill level 10 in Polearms
 14076 | Lair:6   | Reached skill level 10 in Dodging
 14083 | Lair:6   | Noticed an entropy weaver
 14093 | Lair:6   | Killed an entropy weaver
 14105 | Lair:6   | Noticed an entropy weaver
 14150 | Lair:6   | Killed an entropy weaver
 14165 | Lair:6   | Reached skill level 9 in Evocations
 14716 | Lair:6   | Found a staircase to the Slime Pits.
 15038 | Orc:1    | Entered Level 1 of the Orcish Mines
 15403 | Orc:2    | Entered Level 2 of the Orcish Mines
 15412 | Orc:2    | Received a gift from Okawaru
 15552 | Orc:2    | Found Ydammoep's Jewellery Shop.
 15610 | Orc:2    | Found a burning altar of Makhleb.
 15618 | Orc:2    | Noticed Nessos
 15798 | Orc:1    | Learned a level 3 spell: Mephitic Cloud
 15819 | Orc:1    | Learned a level 6 spell: Freezing Cloud
 15842 | Orc:2    | Killed Nessos
 15842 | Orc:2    | Reached skill level 10 in Invocations
 16127 | Orc:2    | Paralysed by an orc sorcerer for 6 turns
 16194 | Orc:2    | Found Bene's Weapon Emporium.
 16194 | Orc:2    | Found Raefan's Distillery.
 16207 | Orc:2    | Found Doery's Magic Scroll Shoppe.
 16211 | Orc:2    | Found Cupaaci's Weapon Shoppe.
 16233 | Orc:2    | Bought a scroll of magic mapping for 45 gold pieces
 16233 | Orc:2    | Bought a scroll of identify for 26 gold pieces
 16233 | Orc:2    | Bought a scroll of identify for 26 gold pieces
 16233 | Orc:2    | Bought a scroll of identify for 26 gold pieces
 16287 | Orc:2    | Found a staircase to the Elven Halls.
 16544 | Orc:1    | Noticed a stone giant
 16551 | Orc:1    | Received a gift from Okawaru
 16568 | Orc:1    | Killed a stone giant
 16587 | Orc:1    | Got an iridescent glaive {god gift}
 16588 | Orc:1    | Identified the +3 glaive of the Shining Light {antimagic,
                  | rPois rF+ Str-5 Stlth+} (Okawaru gifted it to you on level
                  | 1 of the Orcish Mines)
 16923 | D:8      | Bought the +3 pair of gauntlets of War {Slay+5} for 1330
                  | gold pieces
 16923 | D:8      | Found the +3 pair of gauntlets of War {Slay+5}
 17690 | D:12     | Reached XP level 15. HP: 117/117 MP: 26/29
 17895 | D:12     | Received a gift from Okawaru
 17898 | D:12     | Got an encrusted demon blade {god gift}
 17899 | D:12     | Identified the +7 demon blade of the Pariah {speed, Dex+2}
                  | (Okawaru gifted it to you on level 12 of the Dungeon)
 17977 | D:12     | Reached skill level 10 in Armour
 18035 | D:12     | Noticed Nergalle
 18045 | D:12     | Killed Nergalle
 18148 | D:12     | Got a sparkling crystal amulet
 18149 | D:12     | Identified the amulet "Wesa Rol" {Harm *Drain rF+} (You
                  | found it on level 12 of the Dungeon)
 19446 | D:14     | Received a gift from Okawaru
 19452 | D:14     | Reached skill level 10 in Charms
 19786 | D:14     | Found a gate to the Vaults.
 19862 | D:14     | Identified Roxanne's Guide on Clay
 19862 | D:14     | Noticed Roxanne
 19871 | D:15     | Entered Level 15 of the Dungeon
 19902 | D:15     | Learned a level 1 spell: Apportation
 19921 | D:15     | Found a snail-covered altar of Cheibriados.
 19929 | D:15     | Reached skill level 10 in Short Blades
 19929 | D:15     | Reached skill level 10 in Long Blades
 19929 | D:15     | Reached skill level 10 in Axes
 19929 | D:15     | Reached skill level 10 in Maces & Flails
 19929 | D:15     | Reached skill level 10 in Staves
 19929 | D:15     | Reached skill level 10 in Slings
 19929 | D:15     | Reached skill level 10 in Bows
 19929 | D:15     | Reached skill level 10 in Crossbows
 19929 | D:15     | Reached skill level 10 in Throwing
 19929 | D:15     | Reached skill level 10 in Stealth
 19929 | D:15     | Reached skill level 10 in Shields
 19929 | D:15     | Reached skill level 10 in Unarmed Combat
 19929 | D:15     | Reached skill level 10 in Evocations
 19966 | D:15     | Received a gift from Okawaru
 20089 | D:15     | Received a gift from Okawaru
 20093 | D:15     | Got a heavily runed helmet {god gift}
 20099 | D:15     | Identified the -1 helmet of Anaesthesia {rN++ Stlth+}
                  | (Okawaru gifted it to you on level 15 of the Dungeon)
 20484 | D:15     | Reached skill level 10 in Air Magic
 20832 | Swamp:1  | Entered Level 1 of the Swamp
 21065 | Swamp:1  | Noticed Nikola
 21143 | Spider:1 | Entered Level 1 of the Spider Nest
 21356 | Spider:1 | Reached XP level 16. HP: 113/125 MP: 31/31
 21823 | Spider:2 | Identified the Grimoire of Shape Shifting and the Voyage
 21942 | Spider:2 | Received a gift from Okawaru
 23378 | Spider:4 | Entered Level 4 of the Spider Nest
 23390 | Spider:4 | Received a gift from Okawaru
 23661 | Spider:4 | Noticed Arachne
 23684 | Spider:4 | Killed Arachne
 24069 | Spider:4 | Received a gift from Okawaru
 24186 | Spider:4 | Reached skill level 11 in Evocations
 24246 | Spider:4 | Got a gossamer rune of Zot
 24293 | Spider:4 | Received a gift from Okawaru
 24293 | Spider:4 | Reached XP level 17. HP: 74/133 MP: 0/33
 24686 | Spider:4 | Received a gift from Okawaru
 25304 | Vaults:1 | Entered Level 1 of the Vaults
 25366 | Vaults:1 | Received a gift from Okawaru
 26145 | Vaults:1 | Paralysed by a hornet for 2 turns
 26612 | Swamp:1  | Received a gift from Okawaru
 26858 | Swamp:1  | Killed Nikola
 27035 | Swamp:1  | Noticed Kirke
 27085 | Swamp:1  | Noticed a sphinx
 27119 | Swamp:1  | Paralysed by a sphinx for 6 turns
 27340 | Swamp:1  | Killed Kirke
 27689 | Swamp:2  | Received a gift from Okawaru
 27792 | Swamp:2  | Reached skill level 10 in Conjurations
 27792 | Swamp:2  | Reached skill level 10 in Hexes
 27792 | Swamp:2  | Reached skill level 10 in Summonings
 27792 | Swamp:2  | Reached skill level 10 in Necromancy
 27792 | Swamp:2  | Reached skill level 10 in Translocations
 27792 | Swamp:2  | Reached skill level 10 in Transmutations
 27792 | Swamp:2  | Reached skill level 10 in Fire Magic
 27792 | Swamp:2  | Reached skill level 10 in Ice Magic
 27792 | Swamp:2  | Reached skill level 10 in Earth Magic
 27792 | Swamp:2  | Reached skill level 10 in Poison Magic
 27896 | Swamp:2  | Reached XP level 18. HP: 42/141 MP: 34/34
 28687 | Swamp:3  | Noticed a tentacled monstrosity
 28700 | Swamp:3  | Killed a tentacled monstrosity
 28947 | Swamp:3  | Received a gift from Okawaru
 29095 | Swamp:4  | Entered Level 4 of the Swamp
 29258 | Swamp:4  | Received a gift from Okawaru
 29285 | Swamp:4  | Reached skill level 12 in Evocations
 29296 | Swamp:4  | Received a gift from Okawaru
 29373 | Swamp:4  | Received a gift from Okawaru
 29449 | Swamp:4  | Got a decaying rune of Zot
 29532 | Swamp:4  | Received a gift from Okawaru
 30321 | Elf:1    | Entered Level 1 of the Elven Halls
 30493 | Elf:1    | Found Puimaten's Gadget Emporium.
 30744 | Elf:1    | Found Avosusef's Jewellery Emporium.
 30745 | Elf:1    | Found Gupuekh's Gadget Shop.
 30746 | Elf:1    | Found Gasunk's Jewellery Emporium.
 30761 | Elf:1    | Bought the ring of Tetrotao {rF+ rC+ MR+ Int-3} for 651
                  | gold pieces
 30857 | Elf:1    | Found a portal to a secret trove of treasure.
 31017 | Elf:1    | Reached XP level 19. HP: 149/149 MP: 32/36
 31078 | Elf:1    | Received a gift from Okawaru
 31113 | Elf:1    | You fall through a shaft!
 31148 | Elf:2    | Received a gift from Okawaru
 31403 | Elf:2    | Received a gift from Okawaru
 31442 | Elf:2    | Found Imiacubb's Weapon Shop.
 31617 | Elf:2    | Found a huge runed gate.
 31617 | Elf:2    | Found a huge runed gate.
 31617 | Elf:2    | Found a huge runed gate.
 31619 | Elf:2    | Found a huge runed gate.
 31630 | Elf:2    | Found a huge runed gate.
 31655 | Elf:2    | Received a gift from Okawaru
 31722 | Elf:2    | Found a runed door.
 31726 | Elf:2    | Found a shimmering altar of Xom.
 31726 | Elf:2    | Noticed Tux's ghost (adept DEFE)
 32014 | Elf:2    | Killed Tux's ghost
 32126 | Elf:2    | Cast into level 4 of the Abyss (+4 bardiche of distortion)
 32126 | Abyss:4  | Found a corrupted altar of Lugonu.
 32258 | Elf:2    | Escaped the Abyss
 32744 | Elf:2    | Noticed Donald
 32756 | Elf:2    | Killed Donald
 32908 | Elf:3    | Entered Level 3 of the Elven Halls
 33475 | Elf:3    | Received a gift from Okawaru
 33714 | Elf:3    | Reached XP level 20. HP: 157/157 MP: 28/37
 33766 | Elf:3    | Reached skill level 13 in Evocations
 34642 | Elf:3    | Identified a scroll of acquirement
 34645 | Elf:3    | Got a pair of smoking boots
 34646 | Elf:3    | Identified the +2 pair of boots "Ilu Jisi" {*Slow +Fly
                  | rCorr Stlth+} (You acquired it on level 3 of the Elven
                  | Halls)
 34913 | Elf:3    | Identified the Papyrus of Displacement
 34918 | Elf:3    | Learned a level 2 spell: Blink
 34924 | Elf:3    | Learned a level 5 spell: Aura of Abjuration
 34931 | Elf:3    | Learned a level 6 spell: Shadow Creatures
 34956 | Elf:3    | Got a slimy whip
 34977 | Elf:3    | Identified the Tome of Quantum Aid
 34986 | Elf:3    | Learned a level 6 spell: Deflect Missiles
 34992 | Elf:3    | Learned a level 5 spell: Summon Mana Viper
 34995 | Elf:3    | Got a twisted scimitar
 35020 | Elf:3    | Identified the +4 whip of Uneisiqe {freeze, rF+ Str+3} (You
                  | found it on level 3 of the Elven Halls)
 35021 | Elf:3    | Identified the +2 scimitar of Hard Scrabble {slice, rF+
                  | Str+3 Dex+3} (You found it on level 3 of the Elven Halls)
 35530 | Vaults:1 | Identified the +10 scimitar of Jegaseso {venom, rPois Str+8
                  | Dex-4 Stlth-}
 35530 | Vaults:1 | Identified the +6 chain mail "Tib Puk" {Int+4}
 35530 | Vaults:1 | Identified the cursed +0 shield "Foammum" {rN+}
 35913 | Vaults:1 | Found a runed gate.
 35913 | Vaults:1 | Found a runed gate.
 35914 | Vaults:1 | Found a runed gate.
 35917 | Vaults:1 | Noticed Roced's ghost (adept CeHu)
 36440 | Vaults:1 | Found a roughly hewn altar of Beogh.
 36866 | D:8      | Bought a runed scarf for 224 gold pieces
 37420 | Vaults:1 | Learned a level 5 spell: Dispel Undead
 37505 | Vaults:1 | Killed Roced's ghost
 37561 | Vaults:1 | Received a gift from Okawaru
 37564 | Vaults:1 | Got a pair of transparent gloves {god gift}
 37565 | Vaults:1 | Identified the +0 pair of gloves of Nuec {rPois rC+ rCorr
                  | Dex+2} (Okawaru gifted it to you on level 1 of the Vaults)
 38037 | Vaults:2 | Reached XP level 21. HP: 165/165 MP: 17/39
 38122 | Vaults:2 | Reached skill level 14 in Evocations
 38602 | Vaults:2 | Noticed Asterion
 38621 | Vaults:2 | Killed Asterion
 39235 | Vaults:3 | Found a flickering gateway to a bazaar.
 39250 | Bazaar   | Entered a bazaar
 39257 | Bazaar   | Found Raetey's Antique Armour Shop.
 39271 | Bazaar   | Found Uqeobbom's Food Boutique.
 39285 | Bazaar   | Found Jegurunoh's Antique Weapon Shop.
 39299 | Bazaar   | Found Kealotoc's Food Boutique.
 39328 | Bazaar   | Found Emuuh's Food Boutique.
 39451 | Bazaar   | Bought a polished scale mail for 198 gold pieces
 39451 | Bazaar   | Bought a faintly humming leather armour for 154 gold pieces
 39451 | Bazaar   | Identified the cursed +0 scale mail of the Hills {rPois rC+
                  | Str-3} (You bought it in a shop in a bazaar)
 39453 | Bazaar   | Identified the +3 leather armour of Wafuahunk {Int+4} (You
                  | bought it in a shop in a bazaar)
 39555 | Vaults:3 | Received a gift from Okawaru
 39947 | Vaults:3 | Reached skill level 15 in Air Magic
 39991 | Vaults:3 | Reached skill level 15 in Invocations
 40104 | Vaults:3 | Received a gift from Okawaru
 40328 | Vaults:3 | Got a heavily runed bone ring
 40399 | Vaults:3 | Found a staircase to the Crypt.
 40399 | Vaults:3 | Found a basalt altar of Yredelemnul.
 40399 | Vaults:3 | Found an ancient bone altar of Kikubaaqudgha.
 41627 | Vaults:4 | Noticed Boris
 41660 | Vaults:4 | Killed Boris
 41660 | Vaults:4 | Reached skill level 15 in Evocations
 41660 | Vaults:4 | Reached XP level 22. HP: 94/173 MP: 6/40
 42128 | Vaults:4 | Received a gift from Okawaru
 42154 | Vaults:4 | Reached skill level 15 in Spellcasting
 42604 | Vaults:4 | Reached skill level 15 in Fighting
 42604 | Vaults:4 | Reached skill level 15 in Polearms
 42604 | Vaults:4 | Reached skill level 15 in Dodging
 43004 | D:15     | Found a staircase to the Depths.
 43164 | Depths:1 | Entered Level 1 of the Depths
 43279 | Depths:1 | Found Heib's Island Escapes.
 43464 | Depths:1 | Found a one-way gate leading to the halls of Pandemonium.
 43653 | Depths:1 | Reached skill level 16 in Evocations
 43676 | Depths:1 | Reached XP level 23. HP: 181/181 MP: 34/42
 43757 | Depths:1 | Identified the ring "Wyegg" {rElec rF+ Str+2} (You found it
                  | on level 3 of the Vaults)
 43891 | Depths:1 | Found a gateway to Hell.
 43905 | Depths:1 | Received a gift from Okawaru
 44359 | Depths:2 | Received a gift from Okawaru
 44674 | Depths:2 | Noticed Margery
 44700 | Depths:2 | Killed Margery
 44700 | Depths:2 | Reached skill level 15 in Armour
 44734 | Depths:2 | Found a gateway to a ziggurat.
 45316 | Depths:2 | Paralysed by a floating eye for 3 turns
 45342 | Depths:2 | Reached skill level 15 in Short Blades
 45342 | Depths:2 | Reached skill level 15 in Long Blades
 45342 | Depths:2 | Reached skill level 15 in Axes
 45342 | Depths:2 | Reached skill level 15 in Maces & Flails
 45342 | Depths:2 | Reached skill level 15 in Staves
 45342 | Depths:2 | Reached skill level 15 in Slings
 45342 | Depths:2 | Reached skill level 15 in Bows
 45342 | Depths:2 | Reached skill level 15 in Crossbows
 45342 | Depths:2 | Reached skill level 15 in Throwing
 45342 | Depths:2 | Reached skill level 15 in Stealth
 45342 | Depths:2 | Reached skill level 15 in Shields
 45342 | Depths:2 | Reached skill level 15 in Unarmed Combat
 45400 | Depths:2 | Received a gift from Okawaru
 45423 | Depths:2 | Identified the Handbook of the Blaze
 45430 | Depths:2 | Got a brightly glowing ring mail
 45431 | Depths:2 | Identified the cursed +0 ring mail of Noon {rCorr} (You
                  | found it on level 2 of the Depths)
 45455 | Depths:2 | Found Dyokael's Desiderata Depot.
 46066 | Depths:3 | Found a shattered altar of Ashenzari.
 46087 | Depths:3 | Received a gift from Okawaru
 46326 | Depths:3 | Received a gift from Okawaru
 46525 | Depths:3 | Noticed an ancient lich
 46531 | Depths:3 | Noticed Shiggs's ghost (veteran DgGl)
 46670 | Depths:3 | Found a transporter.
 46677 | Depths:3 | Identified the cursed +0 scale mail of Whack-A-Mole {rPois
                  | MR+ Dex+2 Stlth+}
 46693 | Depths:3 | Received a gift from Okawaru
 46798 | Depths:3 | Found a transporter.
 46903 | Depths:3 | Reached skill level 17 in Evocations
 46928 | Depths:3 | Noticed a caustic shrike
 46937 | Depths:3 | Killed a caustic shrike
 46937 | Depths:3 | Reached XP level 24. HP: 190/190 MP: 26/42
 46941 | Depths:3 | Received a gift from Okawaru
 46977 | Depths:3 | Received a gift from Okawaru
 47758 | Depths:4 | Noticed an ancient lich
 47787 | Depths:4 | Killed an ancient lich
 47787 | Depths:4 | Received a gift from Okawaru
 47976 | Depths:4 | Received a gift from Okawaru
 48060 | Depths:4 | Identified Sif Muna's Reference Book on Cankerous Shape
                  | Shifting
 48210 | Depths:4 | Found a one-way gate to the infinite horrors of the Abyss.
 48354 | Depths:4 | Found Tiutawny's Assorted Antiques.
 48383 | Depths:4 | Bought a coiled silver ring for 150 gold pieces
 48385 | Depths:4 | Identified the ring "Enwumewi" {+Inv rPois} (You bought it
                  | in a shop on level 4 of the Depths)
 48672 | Depths:4 | Noticed a caustic shrike
 48672 | Depths:4 | Noticed a juggernaut
 48672 | Depths:4 | Noticed a caustic shrike
 48673 | Depths:4 | Noticed a juggernaut
 48794 | Depths:4 | Killed a juggernaut
 48856 | Depths:4 | Noticed a caustic shrike
 48857 | Depths:4 | Killed a juggernaut
 48864 | Depths:4 | Killed a caustic shrike
 48967 | Depths:4 | Killed a caustic shrike
 49222 | Depths:4 | Identified the +9 hand crossbow of Risk Management {flame,
                  | rC+ Str+3}
 49249 | Depths:4 | Killed a caustic shrike
 49628 | Depths:4 | Got a jacinth-encrusted plate armour
 49629 | Depths:4 | Identified the +14 plate armour "Ycideut" {rPois Int+3
                  | SInv} (You found it on level 4 of the Depths)
 49779 | Depths:5 | Entered Level 5 of the Depths
 49808 | Depths:5 | Received a gift from Okawaru
 49914 | Depths:5 | Received a gift from Okawaru
 50022 | Depths:5 | Found a shattered altar of Ashenzari.
 50162 | Depths:5 | Reached XP level 25. HP: 197/197 MP: 36/43
 50217 | Depths:5 | Reached skill level 18 in Evocations
 50298 | Depths:5 | Noticed a juggernaut
 50319 | Depths:5 | Killed a juggernaut
 50319 | Depths:5 | Received a gift from Okawaru
 50396 | Depths:5 | Found a gate to the Realm of Zot.
 50556 | Depths:5 | Received a gift from Okawaru
 50721 | Depths:5 | Received a gift from Okawaru
 51150 | Crypt:1  | Entered Level 1 of the Crypt
 52359 | Crypt:2  | Noticed Khufu
 52363 | Crypt:2  | Noticed a greater mummy
 52381 | Crypt:2  | Killed a greater mummy
 52427 | Crypt:2  | Killed Khufu
 52470 | Crypt:2  | Reached skill level 15 in Necromancy
 52537 | Crypt:2  | Found a runed gate.
 52537 | Crypt:2  | Found a runed gate.
 52537 | Crypt:2  | Found a runed gate.
 52538 | Crypt:2  | Found an opulent altar of Gozag.
 52538 | Crypt:2  | Noticed TheNamelessOne's ghost (veteran OpEE)
 52539 | Crypt:2  | Found Voitoi's Assorted Antiques.
 52919 | Crypt:3  | Entered Level 3 of the Crypt
 53641 | Crypt:3  | Received a gift from Okawaru
 53749 | Crypt:3  | Reached XP level 26. HP: 47/203 MP: 41/43
 54120 | Crypt:3  | Received a gift from Okawaru
 54154 | Crypt:3  | Reached skill level 15 in Charms
 54154 | Crypt:3  | Reached skill level 19 in Evocations
 54714 | D:8      | Bought a slimy chain mail for 266 gold pieces
 54714 | D:8      | Bought a faintly glowing ring mail for 252 gold pieces
 54714 | D:8      | Identified the +3 chain mail "Hatubb" {rPois rC+ Int+4}
                  | (You bought it in a shop on level 8 of the Dungeon)
 54715 | D:8      | Identified the cursed +1 ring mail of Ussul {-Tele Str+3
                  | Int+4} (You bought it in a shop on level 8 of the Dungeon)
 54976 | Elf:3    | Got an ichor-stained chain mail
 54977 | Elf:3    | Identified the +7 chain mail of Minor Irritation {rC+ MP+9}
                  | (You found it on level 3 of the Elven Halls)
 55850 | Crypt:3  | Found an ancient bone altar of Kikubaaqudgha.
 55912 | Crypt:3  | Found a basalt altar of Yredelemnul.
 55923 | Crypt:3  | Identified the Catalogue of Evil
 56263 | Crypt:3  | Found a staircase to the Tomb.
 56356 | Crypt:3  | Noticed Boris
 56369 | Crypt:3  | Killed Boris
 56877 | Slime:1  | Entered Level 1 of the Pits of Slime
 57108 | Lair:6   | Received a gift from Okawaru
 57432 | Slime:1  | Gained mutation: You have a pair of small antennae on your
                  | head. [a shining eye]
 57433 | Slime:1  | Gained mutation: You are frail. (-10% HP) [a shining eye]
 57434 | Slime:1  | Gained mutation: You are very frail. (-20% HP) [a shining
                  | eye]
 57436 | Slime:1  | Gained mutation: Scrolls take you a little longer to read.
                  | [a shining eye]
 57602 | Lair:2   | Identified a +1 pair of boots of running (You acquired it
                  | on level 2 of the Lair of Beasts)
 58214 | Depths:4 | Voluntarily entered the Abyss.
 58266 | Abyss:1  | Found a corrupted altar of Lugonu.
 59120 | Abyss:2  | Found a radiant altar of Vehumet.
 59748 | Abyss:2  | Found a deep blue altar of Sif Muna.
 60018 | Abyss:3  | Found a shimmering altar of Xom.
 60225 | Abyss:3  | Received a gift from Okawaru
 60644 | Abyss:3  | Reached XP level 27. HP: 98/172 MP: 27/44
 61168 | Abyss:3  | Received a gift from Okawaru
 61264 | Abyss:3  | Noticed an ancient lich
 61273 | Abyss:3  | Killed an ancient lich
 61273 | Abyss:3  | Reached skill level 20 in Evocations
 61369 | Abyss:3  | Received a gift from Okawaru
 61456 | Abyss:3  | Paralysed by accursed screaming for 1 turns
 61511 | Abyss:3  | Paralysed by accursed screaming for 1 turns
 61665 | Abyss:3  | Got an abyssal rune of Zot
 61794 | Depths:4 | Escaped the Abyss
 61975 | Zot:1    | Entered Level 1 of the Realm of Zot
 62241 | Zot:1    | Received a gift from Okawaru
 62468 | Zot:1    | Mangled by a shadow dragon

Vault maps used:
D:1:      dpeg_arrival_orchard, serial_glass, glass_columns_c, glass_columns_b,
          item_on_display_a, feat_on_display, minmay_strange_pillars,
          item_on_display_a, minmay_tetromino_t2
D:3:      cheibriados_altar_1, lemuel_coloured_pillars_altar, first_ration,
          uniq_ijyb, uniq_jessica
D:4:      nicolae_overflow_crystal_walls
D:5:      nicolae_qazlal_general_emergency
D:6:      kennysheep_mini, temple_doors_cd, serial_shops, kennysheep_little_box,
          palyth_stone_intersect, tgw_xom
D:7:      grunt_temple_overflow_open
D:8:      nicolae_overflow_hidden_temple, lemuel_crystal_altar,
          dpeg_oklobed_lair, serial_shops, shop_fountains, basic_altar
D:9:      lemuel_round_altar, orc_0_dummy, serial_shops, nicolae_shop_crystal,
          enter_bailey_2, lemuel_flamethrower_2
D:11:     nrook_mini_vaults
D:12:     uniq_nergalle
D:13:     kennysheep_dice
D:14:     david_vaults_1, uniq_roxanne
D:15:     grunt_enter_depths_hoard, basic_altar, corexii_corridor_pit
Temple:   compressed_dpeg_triangle_lava_temple
Lair:1:   basic_altar
Lair:2:   grunt_forest_stairs_basic, lemuel_fruit_tree
Lair:3:   spider_nest_entry_web_field, chequers_serial_rivers_room_a,
          grunt_forest_small_clearing_treed, uniq_fannar
Lair:4:   minmay_swamp_entry_worms, uniq_sonja
Lair:5:   grunt_forest_large_clearing_hut
Lair:6:   grunt_lair_end_beastmaster, dpeg_slime_entry_corner,
          minmay_hedge_maze, minivault_26, chequers_serial_rivers_micro_a,
          st_stairs_9, minivault_29, lemuel_fruit_fields,
          infiniplex_staircase_pool, uniq_josephine
Swamp:1:  nicolae_swamp_little_tower, uniq_kirke, uniq_nikola
Swamp:2:  evilmike_swamp_ruin_rubble_2
Swamp:3:  evilmike_swamp_ruin_rubble_1
Swamp:4:  swamp_fiery, swamp_pool5
Spider:1: spider_trap
Spider:2: nicolae_spider_cling_ruins
Spider:4: guppyfry_spider_rune, spider_trap, uniq_arachne
Orc:1:    nicolae_orc_lava_tube
Orc:2:    st_orc_mages, portal_ice_cave_entry_pillars_2, serial_shops,
          nicolae_shop_trees, basic_altar, uniq_nessos
Elf:1:    minmay_elf_arrival_summoners, enter_trove_1, serial_shops, shop,
          orc_legates, minivault_27, minmay_shop_grove
Elf:2:    serial_shops, shop, ebering_ghost_xom, uniq_donald
Elf:3:    minmay_elf_hall_hex
Vaults:1: biasface_vaults_ghost_orc_armoury, grunt_vaults_hallway_short,
          v_misc_26, vaults_room_grunt_arrival_ludios,
          nicolae_vaults_three_branches, nicolae_vaults_border_crossing,
          nicolae_vaults_twisting_passages, vaults_room_guarded_vault,
          nicolae_vaults_little_squares_5, ontoclasm_vaults_gateway,
          hangedman_vaults_cutoff, serial_shops, bzr_entry_islet
Vaults:2: v_misc_1, hangedman_vaults_stream, nicolae_vaults_shelves_hall,
          nicolae_vaults_asterisk, vaults_room_glass_cross,
          vaults_room_door_hall, uniq_asterion
Vaults:3: grunt_vaults_funneled_arena, vaults_mumra_hexcomb, v_misc_27,
          nicolae_vaults_mini_display_case, v_misc_30, nicolae_vaults_asterisk,
          vaults_room_stairs_pillars, minmay_crypt_entry_necro_gods,
          serial_shops, bzr_entry_customers
Vaults:4: nicolae_vaults_network_barrier, v_rooms_2,
          nicolae_vaults_back_hallway, ontoclasm_vaults_misaligned, v_misc_28,
          nicolae_vaults_network_quinsquares, v_alt_pattern_3,
          st_quartered_hall, v_misc_5, vaults_mumra_chevron, v_misc_22,
          nicolae_vaults_what_the_h, ontoclasm_vaults_decontamination,
          nicolae_vaults_shelves_hall, uniq_boris
Crypt:2:  ebering_ghost_gozag, uniq_khufu
Crypt:3:  lightli_unholy_cathedral,
          nicolae_tomb_entry_unfolded_pyramid_diagonal, uniq_boris
Depths:1: hell_entry, hangedman_abyss_or_decor_lesser_grid,
          rand_demon_pan_entry_3, hangedman_decor_points, nicolae_island_escapes
Depths:2: minmay_the_grid_octo_tiled_squarecenter_mashed, enter_ziggurat_c,
          grunt_metal_band, minmay_misc_feat_alley, nicolae_alphabet_shops
Depths:3: cross_vault, gammafunk_ghost_mausoleum, basic_altar,
          grunt_pan_entry_spiral, hell_entry
Depths:4: minmay_tearing_corner, serial_sigils, serial_sigils_hangedman_shear,
          serial_sigils_hangedman_etch, serial_sigils_hangedman_leer,
          serial_sigils_hangedman_snap, serial_sigils_hangedman_gnaw,
          abyss_entry, serial_shops, nicolae_shop_waterfront, hell_entry
Depths:5: grunt_zot_entry_funnels, pan_entry, nicolae_ashenzari_panopticon,
          pf_coc_iceberg, minmay_misc_feat_iff, minmay_misc_feat_tower
Abyss:1:  guppyfry_abyss_exit_glass_guarded
Abyss:4:  minivault_11
Bazaar:   bazaar_minmay_snake
Bailey:   bailey_polearm_3, bailey

Skill      XL: |  1  2  3  4  5  6  7  8  9 10 11 12 13 14 15 16 17 18 19 20 21 22 23 24 25 26 27 |
---------------+----------------------------------------------------------------------------------+-----
Spellcasting   | 5 6 7 8 9 10 11 12 13 14 15 16 17 | 17.8
Short Blades   | 1 2 3 4 5 6 7 8 9 10 11 12 13 14 15 16 17 | 17.3
Long Blades    | 1 2 3 4 5 6 7 8 9 10 11 12 13 14 15 16 17 | 17.3
Axes           | 1 2 3 4 5 6 7 8 9 10 11 12 13 14 15 16 17 | 17.3
Maces & Flails | 1 2 3 4 5 6 7 8 9 10 11 12 13 14 15 16 17 | 17.3
Staves         | 1 2 3 4 5 6 7 8 9 10 11 12 13 14 15 16 17 | 17.3
Slings         | 1 2 3 4 5 6 7 8 9 10 11 12 13 14 15 16 17 | 17.3
Bows           | 1 2 3 4 5 6 7 8 9 10 11 12 13 14 15 16 17 | 17.3
Crossbows      | 1 2 3 4 5 6 7 8 9 10 11 12 13 14 15 16 17 | 17.3
Throwing       | 1 2 3 4 5 6 7 8 9 10 11 12 13 14 15 16 17 | 17.3
Stealth        | 1 2 3 4 5 6 7 8 9 10 11 12 13 14 15 16 17 | 17.3
Shields        | 1 2 3 4 5 6 7 8 9 10 11 12 13 14 15 16 17 | 17.3
Unarmed Combat | 1 2 3 4 5 6 7 8 9 10 11 12 13 14 15 16 17 | 17.3
Invocations    | 1 2 3 4 5 6 7 8 9 10 11 12 13 14 15 16 17 18 | 18.6
Evocations     | 1 2 3 4 5 6 7 8 9 10 11 12 13 15 16 17 18 19 20 | 20.4
Conjurations   | 1 2 3 4 5 6 7 8 9 10 11 12 13 14 | 14.9
Hexes          | 1 2 3 4 5 6 7 8 9 10 11 12 13 14 | 14.9
Summonings     | 1 2 3 4 5 6 7 8 9 10 11 12 13 14 | 14.9
Necromancy     | 1 2 3 4 5 6 7 8 9 10 11 12 13 14 15 16 | 16.6
Translocations | 1 2 3 4 5 6 7 8 9 10 11 12 13 14 | 14.9
Transmutations | 1 2 3 4 5 6 7 8 9 10 11 12 13 14 | 14.9
Fire Magic     | 1 2 3 4 5 6 7 8 9 10 11 12 13 14 | 14.9
Ice Magic      | 1 2 3 4 5 6 7 8 9 10 11 12 13 14 | 14.9
Air Magic      | 1 2 3 4 5 6 7 9 10 11 12 13 14 15 16 17 18 19 | 19.2
Earth Magic    | 1 2 3 4 5 6 7 8 9 10 11 12 13 14 | 14.9
Poison Magic   | 1 2 3 4 5 6 7 8 9 10 11 12 13 14 | 14.9
Armour         | 3 4 5 6 7 8 9 10 11 12 13 14 15 16 17 | 17.5
Fighting       | 5 6 7 8 9 10 11 12 13 14 15 16 17 | 17.8
Polearms       | 5 6 7 8 9 10 11 12 13 14 15 16 17 | 17.8
Dodging        | 5 6 7 8 9 10 11 12 13 14 15 16 17 | 17.8
Charms         | 6 7 8 9 10 11 12 13 14 15 | 15.7

Action                   |  1- 3 |  4- 6 |  7- 9 | 10-12 | 13-15 | 16-18 | 19-21 | 22-24 | 25-27 || total
-------------------------+-------+-------+-------+-------+-------+-------+-------+-------+-------++-------
Melee: Spear             |    68 |   169 |   402 |   238 |       |       |       |       |       ||   877
       Bite              |     5 |    14 |    43 |    65 |   157 |   190 |   163 |   183 |   314 ||  1134
       Flail             |       |       |       |   185 |       |       |       |       |       ||   185
       Scimitar          |       |       |       |    11 |       |       |       |       |       ||    11
       Demon trident     |       |       |       |     3 |  1233 |  1457 |  1564 |  1581 |  2265 ||  8103
 Cast: Infusion          |    17 |     7 |    12 |    12 |     4 |     4 |     2 |       |       ||    58
       Spectral Weapon   |     1 |     8 |    32 |    47 |   129 |   134 |   123 |    95 |   134 ||   703
       Shroud of Golubri |       |     3 |     5 |    16 |    12 |    12 |     2 |       |       ||    50
       Regeneration      |       |       |     3 |    11 |    13 |    19 |     8 |     6 |    14 ||    74
       Mephitic Cloud    |       |       |       |       |     1 |       |       |       |       ||     1
       Freezing Cloud    |       |       |       |       |       |     3 |    47 |    56 |    22 ||   128
       Shadow Creatures  |       |       |       |       |       |       |    35 |    45 |     8 ||    88
       Blink             |       |       |       |       |       |       |     6 |     3 |     3 ||    12
       Dispel Undead     |       |       |       |       |       |       |     5 |     5 |    16 ||    26
       Deflect Missiles  |       |       |       |       |       |       |     4 |     8 |     4 ||    16
       Summon Mana Viper |       |       |       |       |       |       |     4 |     2 |       ||     6
Invok: Heroism           |       |       |       |     3 |    16 |    29 |    19 |    13 |    14 ||    94
       Finesse           |       |       |       |       |       |     6 |     5 |     5 |     4 ||    20
Evoke: Wand              |       |       |       |       |       |     2 |       |       |     1 ||     3
       Fan of gales      |       |       |       |       |       |     1 |       |       |       ||     1
  Use: Potion            |       |     1 |     1 |     5 |     1 |     5 |     2 |       |     8 ||    23
       Scroll            |       |     3 |       |    14 |     9 |     9 |    20 |     7 |     6 ||    68
 Stab: Distracted        |       |     2 |     3 |     7 |    20 |    27 |    37 |    39 |    57 ||   192
       Sleeping          |       |     4 |     9 |    12 |    36 |    16 |    13 |    18 |    15 ||   123
       Confused          |       |       |       |       |     1 |     4 |       |       |       ||     5
  Eat: Chunk             |       |     3 |    15 |    15 |    29 |    18 |    33 |    45 |     6 ||   164
       Ration            |       |     1 |       |     3 |       |     5 |     8 |     3 |    13 ||    33
Armor: Leather armour    |     8 |    19 |    26 |       |       |       |       |       |       ||    53
       Skin              |       |    13 |       |       |       |       |       |       |       ||    13
       Steam dragon scal |       |       |     1 |    55 |    78 |       |       |       |       ||   134
       Troll leather arm |       |       |       |       |    27 |   138 |       |       |   149 ||   314
       Swamp dragon scal |       |       |       |       |       |   123 |   145 |   244 |   118 ||   630
Dodge: Dodged            |    31 |    58 |   134 |   190 |   403 |   659 |   432 |   556 |   697 ||  3160
       Deflected         |       |       |       |     1 |    24 |    21 |    48 |    60 |    38 ||   192
Block: Shield            |       |     4 |   133 |   161 |   424 |   574 |   441 |   517 |   692 ||  2946
       Reflection        |       |       |       |       |       |       |    53 |    51 |    18 ||   122
       Rpst.: Scimitar   |       |       |       |     3 |       |       |       |       |       ||     3

Table legend:
 A = Non-vault XP
 B = Vault XP
 C = Vault XP percentage of total XP
 D = Non-vault monster count
 E = Vault monster count
 F = Vault count percentage of total count
                 A         B        C        D         E       F
            +---------+---------+-------+---------+---------+-------
      Total |  859427 |  504754 |  37.0 |    1739 |     621 |  26.3
            +---------+---------+-------+---------+---------+-------
        D:1 |      22 |       2 |   8.3 |      11 |       1 |   8.3
        D:2 |      24 |       0 |   0.0 |      14 |       0 |   0.0
        D:3 |     238 |      73 |  23.5 |      27 |       2 |   6.9
        D:4 |     399 |       0 |   0.0 |      20 |       0 |   0.0
        D:5 |     489 |       0 |   0.0 |      10 |       0 |   0.0
        D:6 |     565 |       9 |   1.6 |      18 |       3 |  14.3
        D:7 |    1036 |       0 |   0.0 |      31 |       0 |   0.0
        D:8 |    1858 |       0 |   0.0 |      28 |       0 |   0.0
        D:9 |    2567 |       0 |   0.0 |      12 |       0 |   0.0
       D:10 |    3198 |       0 |   0.0 |      28 |       0 |   0.0
       D:11 |    4325 |       0 |   0.0 |      26 |       0 |   0.0
       D:12 |    7783 |     816 |   9.5 |      51 |       1 |   1.9
       D:13 |    5020 |     133 |   2.6 |      25 |       1 |   3.8
       D:14 |    9126 |    3982 |  30.4 |      28 |       7 |  20.0
       D:15 |   21811 |    2078 |   8.7 |      46 |       2 |   4.2
     Lair:1 |    4986 |       0 |   0.0 |      17 |       0 |   0.0
     Lair:2 |    1564 |       0 |   0.0 |       8 |       0 |   0.0
     Lair:3 |    6137 |    1033 |  14.4 |      17 |       1 |   5.6
     Lair:4 |    6627 |    1801 |  21.4 |      20 |       5 |  20.0
     Lair:5 |    3745 |    2117 |  36.1 |      22 |       3 |  12.0
     Lair:6 |   16911 |   17254 |  50.5 |      39 |      68 |  63.6
    Swamp:1 |   11215 |    7093 |  38.7 |      31 |       8 |  20.5
    Swamp:2 |   12454 |       0 |   0.0 |      31 |       0 |   0.0
    Swamp:3 |   13242 |       0 |   0.0 |      34 |       0 |   0.0
    Swamp:4 |   22638 |   16294 |  41.9 |      48 |      29 |  37.7
   Spider:1 |    8724 |       0 |   0.0 |      31 |       0 |   0.0
   Spider:2 |    8122 |       0 |   0.0 |      24 |       0 |   0.0
   Spider:3 |    9504 |       0 |   0.0 |      24 |       0 |   0.0
   Spider:4 |   11272 |   26656 |  70.3 |      22 |      42 |  65.6
    Slime:1 |    1587 |       0 |   0.0 |       6 |       0 |   0.0
      Orc:1 |    5256 |     979 |  15.7 |      39 |       2 |   4.9
      Orc:2 |    1367 |    5870 |  81.1 |      20 |      39 |  66.1
      Elf:1 |   12026 |   15229 |  55.9 |      18 |      29 |  61.7
      Elf:2 |   22863 |   26787 |  54.0 |      31 |      30 |  49.2
      Elf:3 |   10948 |   39451 |  78.3 |      18 |      27 |  60.0
   Vaults:1 |   31142 |   36871 |  54.2 |      69 |      52 |  43.0
   Vaults:2 |   31535 |   17356 |  35.5 |      48 |      25 |  34.2
   Vaults:3 |   35193 |   23151 |  39.7 |      62 |      41 |  39.8
   Vaults:4 |   36427 |   42062 |  53.6 |      55 |      51 |  48.1
    Crypt:1 |   19722 |       0 |   0.0 |      32 |       0 |   0.0
    Crypt:2 |   22039 |   15124 |  40.7 |      29 |       4 |  12.1
    Crypt:3 |   29473 |   42950 |  59.3 |      33 |      41 |  55.4
   Depths:1 |   51854 |       8 |   0.0 |      55 |       1 |   1.8
   Depths:2 |   31670 |   30067 |  48.7 |      41 |      24 |  36.9
   Depths:3 |   49643 |   17984 |  26.6 |      67 |      20 |  23.0
   Depths:4 |   19763 |   63511 |  76.3 |      22 |      26 |  54.2
   Depths:5 |   58185 |   30194 |  34.2 |      61 |      16 |  20.8
      Zot:1 |   35718 |       0 |   0.0 |      20 |       0 |   0.0
    Abyss:1 |   16617 |       0 |   0.0 |      27 |       0 |   0.0
    Abyss:2 |   43509 |     610 |   1.4 |      82 |       2 |   2.4
    Abyss:3 |   92997 |   10734 |  10.3 |     152 |       7 |   4.4
    Abyss:4 |    4291 |       0 |   0.0 |       9 |       0 |   0.0
     Bailey |       0 |    6475 | 100.0 |       0 |      11 | 100.0
            +---------+---------+-------+---------+---------+-------
